Map: Vereister Tempel

Players

Creeze - Winner!

  • Race: Zerg Zerg
  • League: Platinum

rogoio

  • Race: Terran Terran
  • League: Platinum

VOD

Have the link to the VOD?

Description

Time

  • Played on: April 20, 2016, 12:26 p.m.
  • Length: 12:43
Show
View Real Time Build Order
Export as new Build Order

Creeze Zerg - Winner!

Build Orders: Hatch First 

Get SALT Encoding   

  12  0:01  Drone  
  13  0:12  Overlord  
  13  0:18  Drone  
  14  0:23  Extractor  
  14  0:24  Drone  
  15  0:31  Drone  
  15  0:35  Drone  
  17  0:58  Hatchery  
  17  1:00  Drone  
  17  1:03  Drone  
  18  1:08  Extractor  
  17  1:21  Spawning Pool  
  17  1:24  Drone  
  17  1:35  Drone x2  
  19  1:45  Overlord  
  19  1:51  Drone  
  20  2:05  Drone  
  21  2:08  Queen  
  21  2:10  Queen  
  25  2:15  Metabolic Boost  
  25  2:19  Zergling x2  
  26  2:23  Zergling x2  
  26  2:27  Drone  
  28  2:32  Drone x2  
  28  2:36  Drone  
  31  2:44  Overlord  
  31  2:48  Drone  
  31  3:03  Hatchery  
  30  3:08  Pneumatized Carapace  
  30  3:13  Queen  
  32  3:22  Drone x2  
  32  3:23  Drone  
  32  3:25  Drone x2  
  37  3:29  Drone  
  37  3:30  Extractor  
  37  3:39  Drone  
  37  3:40  Drone x2  
  40  3:41  Overlord  
  40  3:45  Overlord  
  40  3:54  Lair  
  40  4:01  Roach Warren  
  39  4:03  Extractor  
  38  4:20  Drone x7  
  38  4:23  Evolution Chamber x2  
  43  4:36  Drone x7  
  50  4:45  Drone x3  
  53  4:51  Queen  
  55  4:56  Zerg Missile Weapons Level 1  
  55  4:58  Zerg Ground Armor Level 1  
  55  5:01  Drone x2  
  55  5:04  Glial Reconstitution  
  55  5:06  Roach  
  59  5:09  Zergling x2  
  60  5:21  Drone  
  61  5:22  Drone x3  
  61  5:23  Roach, Infestation Pit  
  61  5:25  Overlord x2  
  65  5:33  Drone  
  66  5:43  Overlord  
  66  5:44  Overlord  
  66  5:50  Drone x4  
  66  5:52  Roach x6  
  66  5:57  Overlord  
  82  6:03  Overseer  
  81  6:05  Hive  
  81  6:10  Roach x4  
  89  6:12  Roach x2  
  93  6:22  Roach x4, Spine Crawler  
  100  6:38  Roach  
  100  6:39  Roach x2  
  106  6:41  Overlord x3  
  106  6:48  Extractor  
  106  6:51  Extractor  
  104  7:01  Overlord x2  
  104  7:11  Overlord  
  104  7:12  Overlord  
  104  7:14  Roach x7, Hatchery  
  117  7:18  Zerg Missile Weapons Level 2  
  117  7:25  Extractor  
  116  7:32  Drone  
  116  7:33  Drone x3  
  116  7:34  Spore Crawler, Drone x2  
  121  7:40  Zerg Ground Armor Level 2  
  121  7:53  Overlord  
  121  7:54  Overlord x2  
  121  8:02  Drone x4  
  126  8:05  Drone x3  
  126  8:06  Drone x5  
  126  8:11  Drone  
  134  8:20  Ultralisk Cavern, Drone x3  
  136  8:27  Extractor x2  
  134  8:48  Queen  
  134  8:53  Hatchery  
  135  8:58  Roach x2  
  135  8:59  Roach x18  
  175  9:04  Ravager  
  175  9:06  Overlord x5  
  175  9:08  Chitinous Plating  
  176  9:15  Overseer x2  
  176  9:24  Drone x2  
  176  9:25  Queen, Drone  
  176  9:30  Spine Crawler x2  
  179  9:34  Zerg Melee Weapons Level 1, Ravager x3  
  179  9:35  Ravager  
  179  9:36  Ravager x4  
  179  9:37  Zergling x2  
  179  9:38  Zergling x14  
  195  9:40  Zergling x4  
  195  9:44  Roach  
  199  9:46  Zergling x2  
  199  9:51  Overlord x2  
  200  9:55  Spire  
  129  10:54  Ultralisk x5  
  129  10:55  Ultralisk  
  155  11:00  Drone  
  155  11:01  Drone  
  130  11:20  Corruptor  
  130  11:21  Corruptor x5  
  134  11:43  Extractor  
  134  11:44  Extractor, Ultralisk x2  
  144  11:59  Overlord x2  
  144  12:01  Viper  
  147  12:08  Zergling x2  
  147  12:09  Zergling x38  
Show
View Real Time Build Order
Export as new Build Order

rogoio Terran 

Build Orders: Reaper Expand, MMM Bio 

Get SALT Encoding   

  12  0:01  SCV  
  13  0:14  SCV  
  13  0:19  Supply Depot  
  14  0:26  SCV  
  15  0:30  Refinery  
  15  0:42  Barracks  
  15  0:46  SCV  
  16  0:58  SCV  
  17  1:24  SCV  
  17  1:36  Reaper  
  18  1:46  Supply Depot  
  18  1:54  Command Center  
  18  1:55  SCV  
  19  2:07  SCV  
  20  2:17  Marine  
  20  2:21  Orbital Command  
  21  2:24  Refinery  
  21  2:33  Factory  
  21  2:53  SCV  
  21  2:54  Marine  
  22  3:01  Barracks  
  22  3:03  Barracks  
  22  3:05  SCV  
  23  3:11  SCV  
  24  3:17  Bunker, Barracks Reactor  
  24  3:18  Factory Tech Lab  
  24  3:23  SCV  
  24  3:24  SCV  
  26  3:37  SCV x2  
  26  3:39  Siege Tank  
  31  3:49  SCV  
  32  3:56  Marine x2  
  32  3:57  Barracks Reactor  
  32  3:58  Barracks Tech Lab  
  34  4:05  Supply Depot  
  34  4:12  SCV  
  35  4:27  SCV  
  35  4:29  Supply Depot  
  36  4:38  Marine x2  
  36  4:39  Marine x2  
  36  4:41  Siege Tank, Marauder  
  45  4:48  Supply Depot  
  45  4:56  Stimpack  
  45  4:58  Starport  
  45  5:01  Engineering Bay, SCV  
  46  5:09  Marine  
  46  5:10  Marine x2, Marauder  
  51  5:17  SCV x2  
  53  5:23  Marine  
  53  5:24  Siege Tank  
  53  5:27  Marine x2  
  59  5:29  Terran Infantry Weapons Level 1, SCV  
  59  5:32  Marauder  
  62  5:59  Supply Depot  
  62  6:12  Supply Depot  
  62  6:14  Supply Depot  
  62  6:17  Marine x3, Marauder, Medivac, SCV  
  70  6:20  Marine  
  71  6:28  SCV  
  72  6:35  Marine  
  72  6:38  Command Center  
  72  6:39  Marauder  
  75  6:41  Marine x2  
  77  6:49  SCV x2  
  79  6:57  Combat Shields  
  78  7:15  Marine x2, Marauder  
  82  7:18  Starport Reactor  
  82  7:19  SCV  
  84  7:22  Refinery, SCV  
  84  7:23  Refinery  
  84  7:31  Marine  
  84  7:34  Siege Tank  
  90  7:37  Marauder  
  90  7:52  Marine x3  
  90  7:56  Liberator  
  90  7:58  Marauder  
  90  8:02  Barracks x2  
  90  8:05  Barracks  
  85  8:12  Medivac  
  90  8:35  Marine x3  
  90  8:36  Marauder  
  95  8:49  SCV x3  
  95  8:51  Terran Infantry Armor Level 1  
  98  8:56  Engineering Bay  
  98  8:57  Barracks Tech Lab, Armory  
  98  8:58  Barracks Tech Lab  
  98  9:05  Barracks Reactor  
  98  9:09  Planetary Fortress  
  98  9:13  Medivac  
  100  9:19  Marine x4  
  100  9:20  Marauder  
  100  9:24  Concussive Shells  
  106  9:31  Marine x2  
  106  9:36  Marine  
  109  9:40  Supply Depot, Orbital Command  
  109  9:41  Supply Depot x2  
  109  10:02  Siege Tank, Marauder x2, SCV x2  
  114  10:10  Terran Infantry Weapons Level 2, Refinery  
  114  10:11  Terran Vehicle Weapons Level 1  
  114  10:12  Marine x2, Marauder, Refinery  
  116  10:14  SCV  
  116  10:16  SCV  
  55  10:50  Marine x4  
  55  10:51  Marine x2, Marauder x3  
  61  11:01  SCV x2  
  56  11:07  Liberator  
  56  11:08  Marine x4  
  56  11:09  Marine x2  
  60  11:12  Marine, Marauder  
  60  11:13  Siege Tank, Marauder  
  68  11:21  SCV  
  68  11:22  SCV x2  
  68  11:24  Medivac  
  76  11:26  Marine x3  
  76  11:30  Marine x2  
  76  11:31  Marauder  
  83  11:34  Marauder  
  85  11:45  Siege Tank  
  77  12:18  Marine  
Tags
 
Add a new tag
Caveats
  • Supply blocks, unpowered buildings, or Contaminate may cause inaccurate times.
  • Supply counts are checked every 10 seconds.